TOP OF THE 1ST |
New York Mets batting - Pitching for Miami Marlins : RHP Yovani Gallardo
|
Pitching: RHP Yovani Gallardo
|
|
Batting: SHB Ian Happ
|
0-0: Ground out 3-1 (Groundball, 34)
|
Batting: RHB Starlin Castro
|
0-0: Foul Ball, location: 2F 0-1: Ball 1-1: Ground out 6-3 (Groundball, 6)
|
Batting: LHB Gerardo Parra
|
0-0: Ball 1-0: Foul Ball, location: 2F 1-1: Fly out, F9 (Line Drive, 9)
|
Top of the 1st over - 0 runs, 0 hits, 0 errors, 0 left on base; New York 0 - Miami 0 |
BOTTOM OF THE 1ST |
Miami Marlins batting - Pitching for New York Mets : RHP Lance Lynn
|
Pitching: RHP Lance Lynn
|
|
Batting: RHB Ian Desmond
|
0-0: Ball 1-0: Ball 2-0: Foul Ball, location: 2F 2-1: Ball 3-1: Foul Ball, location: 2F 3-2: Foul Ball, location: 2F 3-2: SINGLE (Groundball, 6D)
|
Batting: RHB Dan Robertson
|
0-0: Ball 1-0: Grounds into double play, 6-4-3 (Groundball, 56)
|
Batting: SHB Francisco Lindor
|
0-0: Called Strike 0-1: Swinging Strike 0-2: Ball 1-2: Foul Ball, location: 2F 1-2: Foul Ball, location: 2F 1-2: Foul Ball, location: 2F 1-2: Ball 2-2: Foul Ball, location: 2F 2-2: Ball 3-2: Ground out 1-3 (Groundball, 13)
|
Bottom of the 1st over - 0 runs, 1 hit, 0 errors, 0 left on base; New York 0 - Miami 0 |
TOP OF THE 2ND |
New York Mets batting - Pitching for Miami Marlins : RHP Yovani Gallardo
|
Batting: LHB Scott Schebler
|
0-0: Ball 1-0: SINGLE (Line Drive, 89M)
|
Batting: LHB Mitch Moreland
|
0-0: SINGLE (Groundball, 4MD) Scott Schebler to second Runner from 2nd tries for 3rd, SAFE, throw by CF made to third
|
Batting: LHB Travis Shaw
|
0-0: Called Strike 0-1: Ball 1-1: Called Strike 1-2: Foul Ball, location: 2F 1-2: Ball 2-2: Ball 3-2: Strikes out swinging
|
Batting: RHB Salvador Perez
|
0-0: Called Strike 0-1: Foul Ball, location: 2F 0-2: Foul Ball, location: 2F 0-2: Foul Ball, location: 2F 0-2: Fly out, F8 (Flyball, 8RM) Runner from 3rd tags up, SCORES, throw by CF
|
Batting: RHB Nick Ahmed
|
0-0: Called Strike 0-1: Ball 1-1: Ball 2-1: Called Strike 2-2: Strikes out swinging
|
Top of the 2nd over - 1 run, 2 hits, 0 errors, 1 left on base; New York 1 - Miami 0 |
BOTTOM OF THE 2ND |
Miami Marlins batting - Pitching for New York Mets : RHP Lance Lynn
|
Batting: RHB Yasmany Tomas
|
0-0: Foul Ball, location: 2F 0-1: Ball 1-1: Ball 2-1: Called Strike 2-2: Foul Ball, location: 2F 2-2: Ball 3-2: Foul Ball, location: 2F 3-2: SINGLE (Line Drive, 6D)
|
Batting: RHB C.J. Cron
|
0-0: Called Strike 0-1: Fly out, F2 (Popup, 5SF)
|
Batting: RHB David Wright
|
0-0: Called Strike 0-1: Ball 1-1: Ball 2-1: Ball 3-1: Base on Balls Yasmany Tomas to second
|
Batting: RHB Charlie Culberson
|
0-0: Ground out 5-3 (Groundball, 5S) Yasmany Tomas to third David Wright to second
|
Batting: RHB Francisco Pena
|
0-0: Ball 1-0: Ball 2-0: Ball 3-0: Base on Balls
|
Batting: RHB Yovani Gallardo
|
0-0: Ball 1-0: Foul Ball, location: 2F 1-1: Swinging Strike 1-2: Strikes out looking
|
Bottom of the 2nd over - 0 runs, 1 hit, 0 errors, 3 left on base; New York 1 - Miami 0 |
TOP OF THE 3RD |
New York Mets batting - Pitching for Miami Marlins : RHP Yovani Gallardo
|
Batting: SHB Lance Lynn
|
0-0: Ball 1-0: Swinging Strike 1-1: Ground out 5-3 (Groundball, 56S)
|
Batting: SHB Ian Happ
|
0-0: Fly out, F7 (Flyball, 7)
|
Batting: RHB Starlin Castro
|
0-0: Ball 1-0: Ground out 4-3 (Groundball, 4S)
|
Top of the 3rd over - 0 runs, 0 hits, 0 errors, 0 left on base; New York 1 - Miami 0 |
BOTTOM OF THE 3RD |
Miami Marlins batting - Pitching for New York Mets : RHP Lance Lynn
|
Batting: RHB Ian Desmond
|
0-0: Ball 1-0: Swinging Strike 1-1: Called Strike 1-2: Ball 2-2: Foul Ball, location: 2F 2-2: Foul Ball, location: 2F 2-2: Strikes out swinging
|
Batting: RHB Dan Robertson
|
0-0: SINGLE (Line Drive, 56)
|
Batting: SHB Francisco Lindor
|
Pickoff Throw to First - Out! 1-3 0-0: Called Strike 0-1: Ball 1-1: Ball 2-1: SINGLE (Line Drive, 89M)
|
Batting: RHB Yasmany Tomas
|
0-0: Called Strike 0-1: Fly out, F8 (Flyball, 8RM)
|
Bottom of the 3rd over - 0 runs, 2 hits, 0 errors, 1 left on base; New York 1 - Miami 0 |
TOP OF THE 4TH |
New York Mets batting - Pitching for Miami Marlins : RHP Yovani Gallardo
|
Batting: LHB Gerardo Parra
|
0-0: Called Strike 0-1: Reached on error, E4 (Groundball, 4)
|
Batting: LHB Scott Schebler
|
0-0: Ball 1-0: Ball Wild Pitch! Gerardo Parra to third 2-0: Ball 3-0: Called Strike 3-1: Called Strike 3-2: Ground out 6-3 (Groundball, 6M)
|
Batting: LHB Mitch Moreland
|
0-0: Ground out 6-3 (Groundball, 4M)
|
Batting: LHB Travis Shaw
|
0-0: Ball 1-0: Foul Ball, location: 2F 1-1: Swinging Strike 1-2: Strikes out swinging
|
Top of the 4th over - 0 runs, 0 hits, 1 error, 1 left on base; New York 1 - Miami 0 |
BOTTOM OF THE 4TH |
Miami Marlins batting - Pitching for New York Mets : RHP Lance Lynn
|
Batting: RHB C.J. Cron
|
0-0: Foul Ball, location: 2F 0-1: Ball 1-1: Foul Ball, location: 2F 1-2: Strikes out swinging
|
Batting: RHB David Wright
|
0-0: Ball 1-0: Ball 2-0: Fly out, F8 (Flyball, 8LM)
|
Batting: RHB Charlie Culberson
|
0-0: Ball 1-0: Ball 2-0: Swinging Strike 2-1: Foul Ball, location: 2F 2-2: Strikes out swinging
|
Bottom of the 4th over - 0 runs, 0 hits, 0 errors, 0 left on base; New York 1 - Miami 0 |
TOP OF THE 5TH |
New York Mets batting - Pitching for Miami Marlins : RHP Yovani Gallardo
|
Batting: RHB Salvador Perez
|
0-0: Ball 1-0: Ball 2-0: Swinging Strike 2-1: Ground out 6-3 (Groundball, 6)
|
Batting: RHB Nick Ahmed
|
0-0: Called Strike 0-1: Swinging Strike 0-2: Strikes out looking
|
Batting: SHB Lance Lynn
|
0-0: Ground out 4-3 (Groundball, 4)
|
Top of the 5th over - 0 runs, 0 hits, 0 errors, 0 left on base; New York 1 - Miami 0 |
BOTTOM OF THE 5TH |
Miami Marlins batting - Pitching for New York Mets : RHP Lance Lynn
|
Batting: RHB Francisco Pena
|
0-0: Ball 1-0: DOUBLE (Flyball, 8LXD)
|
Batting: RHB Yovani Gallardo
|
0-0: Swinging Strike 0-1: Sac Bunt to 15S - play at first, batter OUT! 1-4 Francisco Pena to third
|
Batting: RHB Ian Desmond
|
0-0: Ball 1-0: Ball 2-0: Ball 3-0: Base on Balls
|
Batting: RHB Dan Robertson
|
0-0: Ball 1-0: Ball 2-0: Ball 3-0: Called Strike 3-1: Foul Ball, location: 2F 3-2: Strikes out swinging
|
Batting: SHB Francisco Lindor
|
0-0: Ball 1-0: Ground out 5-3 (Groundball, 56S)
|
Bottom of the 5th over - 0 runs, 1 hit, 0 errors, 2 left on base; New York 1 - Miami 0 |
TOP OF THE 6TH |
New York Mets batting - Pitching for Miami Marlins : RHP Yovani Gallardo
|
Batting: SHB Ian Happ
|
0-0: Called Strike 0-1: Ball 1-1: Ball 2-1: Ball 3-1: Base on Balls
|
Batting: RHB Starlin Castro
|
0-0: Fly out, F9 (Flyball, 9S)
|
Batting: LHB Gerardo Parra
|
0-0: Ball 1-0: Fielders Choice at 2nd, 1-6 (Groundball, 13)
|
Batting: LHB Scott Schebler
|
0-0: Foul Ball, location: 2F 0-1: Ball 1-1: Ball 2-1: Called Strike 2-2: DOUBLE (Line Drive, 89XD) Gerardo Parra to third Runner from 3rd tries for Home, SAFE, no throw by CF
|
Batting: LHB Mitch Moreland
|
0-0: Called Strike 0-1: Foul Ball, location: 2F 0-2: Strikes out looking
|
Top of the 6th over - 1 run, 1 hit, 0 errors, 1 left on base; New York 2 - Miami 0 |
BOTTOM OF THE 6TH |
Miami Marlins batting - Pitching for New York Mets : RHP Lance Lynn
|
Batting: RHB Yasmany Tomas
|
0-0: Swinging Strike 0-1: Foul Ball, location: 2F 0-2: Ball 1-2: Strikes out swinging
|
Batting: RHB C.J. Cron
|
0-0: Foul Ball, location: 2F 0-1: Ball 1-1: Ball 2-1: Called Strike 2-2: Fly out, F8 (Flyball, 8RXD)
|
Batting: RHB David Wright
|
0-0: Ball 1-0: Called Strike 1-1: Called Strike 1-2: DOUBLE (Flyball, 89D)
|
Pitching: RHP Drew Steckenrider
|
|
Batting: RHB Charlie Culberson
|
0-0: Ball 1-0: Ball 2-0: Fly out, F6 (Line Drive, 6)
|
Bottom of the 6th over - 0 runs, 1 hit, 0 errors, 1 left on base; New York 2 - Miami 0 |
TOP OF THE 7TH |
New York Mets batting - Pitching for Miami Marlins : RHP Yovani Gallardo
|
Batting: LHB Travis Shaw
|
0-0: Foul Ball, location: 2F 0-1: Ball 1-1: Swinging Strike 1-2: Ball 2-2: Ball 3-2: SINGLE (Flyball, 78M)
|
Batting: RHB Salvador Perez
|
0-0: Ball 1-0: Ball 2-0: Called Strike Passed Ball! Travis Shaw to second 2-1: Ball 3-1: Base on Balls
|
Pinch Hitting: LHB Eddie Rosario
|
0-0: Called Strike 0-1: Swinging Strike 0-2: DOUBLE (Line Drive, 7LM) Travis Shaw scores Salvador Perez to third Runner from 3rd tries for Home, SAFE, no throw by LF
|
Pinch Hitting: RHB Erik Gonzalez
|
0-0: Ball 1-0: Called Strike 1-1: Foul Ball, location: 2F 1-2: Ball 2-2: Foul Ball, location: 2F 2-2: Strikes out swinging
|
Batting: SHB Ian Happ
|
0-0: Ball 1-0: Ball 2-0: Swinging Strike 2-1: Swinging Strike 2-2: Strikes out swinging
|
Pitching: LHP Robbie Ross Jr.
|
|
Batting: RHB Starlin Castro
|
0-0: DOUBLE (Groundball, 3L) Eddie Rosario scores
|
Batting: LHB Gerardo Parra
|
0-0: Called Strike 0-1: Ball 1-1: Foul Ball, location: 2F 1-2: Strikes out swinging
|
Top of the 7th over - 3 runs, 3 hits, 0 errors, 1 left on base; New York 5 - Miami 0 |
BOTTOM OF THE 7TH |
Miami Marlins batting - Pitching for New York Mets : RHP Drew Steckenrider
|
Pitching: RHP Nick Wittgren
|
|
Now at 2B: Eddie Rosario
|
|
Batting: RHB Francisco Pena
|
0-0: Ball 1-0: Called Strike 1-1: Called Strike 1-2: Foul Ball, location: 2F 1-2: Strikes out swinging
|
Pinch Hitting: RHB Danny Valencia
|
0-0: Called Strike 0-1: Fly out, F6 (Popup, 6D)
|
Batting: RHB Ian Desmond
|
0-0: Ball 1-0: Ball 2-0: Ball 3-0: Called Strike 3-1: Fly out, F5 (Popup, 5S)
|
Bottom of the 7th over - 0 runs, 0 hits, 0 errors, 0 left on base; New York 5 - Miami 0 |
TOP OF THE 8TH |
New York Mets batting - Pitching for Miami Marlins : LHP Robbie Ross Jr.
|
Pitching: RHP Tyler Clippard
|
|
Batting: LHB Scott Schebler
|
0-0: Ball 1-0: Ball 2-0: Called Strike 2-1: Ball 3-1: Base on Balls
|
Batting: LHB Mitch Moreland
|
0-0: Called Strike 0-1: Called Strike 0-2: Ball 1-2: Ball 2-2: Foul Ball, location: 2F 2-2: Strikes out looking
|
Batting: LHB Travis Shaw
|
0-0: Ball 1-0: Ball 2-0: Called Strike 2-1: Reached on error, E9 (Flyball, 89S) Scott Schebler to second
|
Batting: RHB Salvador Perez
|
0-0: Called Strike 0-1: Called Strike 0-2: Strikes out swinging
|
Batting: LHB Eddie Rosario
|
0-0: Ball 1-0: Ground out 6-3 (Groundball, 6)
|
Top of the 8th over - 0 runs, 0 hits, 1 error, 2 left on base; New York 5 - Miami 0 |
BOTTOM OF THE 8TH |
Miami Marlins batting - Pitching for New York Mets : RHP Nick Wittgren
|
Batting: RHB Dan Robertson
|
0-0: Ball 1-0: Ball 2-0: Called Strike 2-1: Called Strike 2-2: Foul Ball, location: 2F 2-2: Ground out 1-3 (Groundball, 13)
|
Batting: SHB Francisco Lindor
|
0-0: Ball 1-0: Fly out, F6 (Popup, 6M)
|
Batting: RHB Yasmany Tomas
|
0-0: Foul Ball, location: 2F 0-1: Called Strike 0-2: Foul Ball, location: 2F 0-2: Foul Ball, location: 2F 0-2: Ball 1-2: Fly out, F6 (Line Drive, 6)
|
Bottom of the 8th over - 0 runs, 0 hits, 0 errors, 0 left on base; New York 5 - Miami 0 |
TOP OF THE 9TH |
New York Mets batting - Pitching for Miami Marlins : RHP Tyler Clippard
|
Pinch Hitting: SHB Jonathan Villar
|
0-0: Called Strike 0-1: Fly out, F5 (Popup, 25)
|
Batting: SHB Ian Happ
|
0-0: Called Strike 0-1: Foul Ball, location: 2F 0-2: Strikes out swinging
|
Batting: RHB Starlin Castro
|
0-0: Called Strike 0-1: Hit by Pitch
|
Batting: LHB Gerardo Parra
|
0-0: Ball 1-0: SINGLE (Flyball, 89M) Starlin Castro to second Runner from 2nd tries for 3rd, SAFE, throw by CF made to third
|
Batting: LHB Scott Schebler
|
0-0: Ball 1-0: Called Strike 1-1: Swinging Strike 1-2: Foul Ball, location: 2F 1-2: Foul Ball, location: 2F 1-2: DOUBLE (Line Drive, 89D) Starlin Castro scores Gerardo Parra to third Runner from 3rd tries for Home, SAFE, throw by CF to home
|
Batting: LHB Mitch Moreland
|
0-0: 2-RUN HOME RUN (Flyball, 9D), Distance : 377 ft
|
Batting: LHB Travis Shaw
|
0-0: Called Strike 0-1: Called Strike 0-2: Strikes out looking
|
Top of the 9th over - 4 runs, 3 hits, 0 errors, 0 left on base; New York 9 - Miami 0 |
BOTTOM OF THE 9TH |
Miami Marlins batting - Pitching for New York Mets : RHP Nick Wittgren
|
Pitching: LHP Adam Liberatore
|
|
Batting: RHB C.J. Cron
|
0-0: Ball 1-0: Ball 2-0: Called Strike 2-1: Foul Ball, location: 2F 2-2: Strikes out swinging
|
Batting: RHB David Wright
|
0-0: Ball 1-0: Foul Ball, location: 2F 1-1: Swinging Strike 1-2: Ground out 6-3 (Groundball, 56)
|
Batting: RHB Charlie Culberson
|
0-0: Called Strike 0-1: Ground out 6-3 (Groundball, 6)
|
Bottom of the 9th over - 0 runs, 0 hits, 0 errors, 0 left on base; New York 9 - Miami 0 |
|